 Dungeon Crawl Stone Soup version 0.31.0-32-g396128a36d (webtiles) character file.

Game seed: 3742234290999011375

267950 Econoterrorist the Warrior (level 19, -8/164 HPs)
             Began as a Minotaur Fighter on Apr 1, 2024.
             Was the Champion of Okawaru.
             Mangled by a vault warden
             ... wielding a +1 halberd of protection
              (38 damage)
             ... on level 2 of the Vaults on Apr 4, 2024.
             The game lasted 02:36:36 (32197 turns).

Econoterrorist the Warrior (Minotaur Fighter)      Turns: 32197, Time: 02:36:37

Health: -8/164     AC: 33    Str: 20    XL:     19   Next: 36%
Magic:  25/25      EV: 14    Int: 12    God:    Okawaru [******]
Gold:   2512       SH: 28    Dex: 23    Spells: 18/18 levels left

rFire   + . .        P - +3 double sword (elec)
rCold   . . .        W - +0 tower shield
rNeg    + + +        p - +8 plate armour of Recklessness {rC+ rN++}
rPois   +            s - +2 hat
rElec   +            L - scarf {repulsion}
rCorr   .            c - +0 pair of gloves {Stlth+}
SInv    .            B - +1 pair of boots of Prudence {rElec Int+3 Dex+6}
Will    +....        a - amulet of Past Mistakes {Reflect rElec rN++ SH+5} Stlth
                     E - ring of poison resistance
HPRegen 0.47/turn    r - ring of Kindness {Fire Dex+2 Slay+3 Stlth+}
MPRegen 0.19/turn

%: repel missiles, reflection
@: no status effects
A: horns 2, retaliatory headbutt, frail 1
}: 2/15 runes: decaying, gossamer
a: Renounce Religion, Heroism, Finesse, Duel


You were on level 2 of the Vaults.
You worshipped Okawaru.
Okawaru was exalted by your worship.
You visited 7 branches of the dungeon, and saw 33 of its levels.
You also visited: Sewer and Ice Cave.

You collected 3362 gold pieces.
You spent 850 gold pieces at shops.

Inventory:

Hand Weapons
 P - a +3 double sword of electrocution (weapon)
 V - a +1 scimitar of flaming
Missiles
 i - a throwing net (quivered)
Armour
 c - a +0 pair of gloves of stealth (worn)
 p - the +8 plate armour of Recklessness (worn) {rC+ rN++}
   (Okawaru gifted it to you on level 4 of the Lair of Beasts)

   rC+:       It protects you from cold.
   rN++:      It greatly protects you from negative energy.
 s - a +2 hat (worn)
 B - the +1 pair of boots of Prudence (worn) {rElec Int+3 Dex+6}
   (You found it on level 1 of the Swamp)

   Int+3:     It affects your intelligence (+3).
   Dex+6:     It affects your dexterity (+6).
   rElec:     It insulates you from electricity.
 J - a +1 pair of boots of flying
 L - a scarf of repulsion (worn)
 W - a +0 tower shield (worn)
 Y - a +2 buckler of cold resistance
Jewellery
 a - the amulet of Past Mistakes (around neck) {Reflect rElec rN++ SH+5}
   (You bought it in a shop on level 2 of the Orcish Mines)

   [amulet of reflection]

   Reflect:   It reflects blocked missile attacks.
   rElec:     It insulates you from electricity.
   rN++:      It greatly protects you from negative energy.
   SH+5:      It affects your SH (+5).
 k - the ring of Cadwejoh {Ice ^Drain rN+++ Will+ SInv}
   (You found it on level 2 of the Lair of Beasts)

   [ring of ice]

   Ice:       It enhances your ice magic.
   rF-:       It makes you vulnerable to fire.
   rC+:       It protects you from cold.
   rN+++:     It renders you almost immune to negative energy.
   Will+:     It increases your willpower.
   SInv:      It lets you see invisible.
   ^Drain:    It drains your maximum health when unequipped.
 m - an amulet of regeneration
 r - the ring of Kindness (right hand) {Fire Dex+2 Slay+3 Stlth+}
   (You found it in an ice cave)

   [ring of fire]

   Fire:      It enhances your fire magic.
   Dex+2:     It affects your dexterity (+2).
   Slay+3:    It affects your accuracy & damage with ranged weapons and melee
   (+3).
   rF+:       It protects you from fire.
   rC-:       It makes you vulnerable to cold.
   Stlth+:    It makes you more stealthy.
 z - a ring of protection from cold
 E - a ring of poison resistance (left hand)
 N - a ring of resist corrosion
 O - the ring of Ihuugele {Fire rElec Will+}
   (You found it on level 5 of the Lair of Beasts)

   [ring of fire]

   Fire:      It enhances your fire magic.
   rF+:       It protects you from fire.
   rC-:       It makes you vulnerable to cold.
   rElec:     It insulates you from electricity.
   Will+:     It increases your willpower.
 Z - the amulet "Dyoca" {RegenMP Rampage Int+2 Dex+3}
   (You found it in an ice cave)

   [amulet of magic regeneration]

   RegenMP:   It increases your rate of magic regeneration.
   Int+2:     It affects your intelligence (+2).
   Dex+3:     It affects your dexterity (+3).
   Rampage:   It bestows one free step when moving towards enemies.
Talismans
 R - a granite talisman
Wands
 n - a wand of quicksilver (6)
 u - a wand of polymorph (8)
 x - a wand of flame (76)
 F - a wand of iceblast (32)
 H - a wand of mindburst (14)
Scrolls
 b - 2 scrolls of blinking
 e - 2 scrolls of identify
 g - a scroll of brand weapon
 l - 3 scrolls of teleportation
 t - 3 scrolls of revelation
 y - 7 scrolls of enchant armour
 D - 4 scrolls of fog
 I - a scroll of vulnerability
 M - 3 scrolls of poison
 T - a scroll of silence
 U - a scroll of fear
Potions
 d - 5 potions of might
 f - 6 potions of attraction
 h - 3 potions of magic
 j - 2 potions of heal wounds
 o - 3 potions of enlightenment
 v - 9 potions of curing
 w - 4 potions of mutation
 C - 2 potions of resistance
 G - 3 potions of cancellation
 K - 5 potions of haste
 Q - 4 potions of invisibility
 S - 6 potions of ambrosia
Miscellaneous
 X - a condenser vane


   Skills:
 + Level 19.2 Fighting
 - Level 18.9 Long Blades
 + Level 19.1 Armour
 + Level 13.5 Dodging
 + Level 18.2 Shields
 - Level 9.5 Invocations
 - Level 7.4 Evocations


You had 18 spell levels left.
You didn't know any spells.
Your spell library contained the following spells:

 Spells                   Type           Power      Damage    Failure   Level
 Freeze                   Ice            0%         1d3       99%         1
 Kiss of Death            Conj/Necr      0%         2d5       99%         1
 Magic Dart               Conj           0%         1d3       99%         1
 Necrotise                Necr           0%         1d4       99%         1
 Sandblast                Erth           0%         2d4       99%         1
 Slow                     Hex            0%         N/A       99%         1
 Scorch                   Fire           0%         2d5       100%        2
 Searing Ray              Conj           0%         2d4       100%        2
 Sublimation of Blood     Necr           0%         N/A       100%        2
 Confusing Touch          Hex            0%         N/A       100%        3
 Dazzling Flash           Conj/Hex       0%         N/A       100%        3
 Frozen Ramparts          Ice            0%         1d1       100%        3
 Hailstorm                Conj/Ice       0%         3d5       100%        3
 Mephitic Cloud           Conj/Alch/Air  0%         N/A       100%        3
 Passwall                 Erth           0%         N/A       100%        3
 Sigil of Binding         Hex            0%         N/A       100%        3
 Stone Arrow              Conj/Erth      0%         3d7       100%        3
 Vampiric Draining        Necr           0%         2d6       100%        3
 Brom's Barrelling Bould  Conj/Erth      0%         2d3       100%        4
 Dimensional Bullseye     Hex/Tloc       0%         N/A       100%        4
 Dispel Undead            Necr           0%         3d6       100%        4
 Flame Wave               Conj/Fire      0%         2d4       100%        4
 Fulminant Prism          Conj/Alch      0%         3d5       100%        4
 Iskenderun's Mystic Bla  Conj/Tloc      0%         2d3       100%        4
 Petrify                  Alch/Erth      0%         N/A       100%        4
 Vhi's Electric Charge    Tloc/Air       0%         N/A       100%        4
 Arcjolt                  Conj/Air       0%         1d10      100%        5
 Curse of Agony           Necr           0%         N/A       100%        5
 Irradiate                Conj/Alch      0%         3d11      100%        5
 Silence                  Hex/Air        0%         N/A       100%        5
 Eringya's Noxious Bog    Alch           0%         4d6       100%        6
 Lehudib's Crystal Spear  Conj/Erth      0%         10d2      100%        8
 Maxwell's Capacitive Co  Air            0%         ∞         100%        8
 Call Imp                 Summ           Unusable   N/A       N/A         2
 Call Canine Familiar     Summ           Unusable   N/A       N/A         3
 Tukima's Dance           Hex            Unusable   N/A       N/A         3
 Animate Armour           Summ/Erth      Unusable   N/A       N/A         4
 Martyr's Knell           Necr/Summ      Unusable   N/A       N/A         4
 Summon Forest            Summ/Tloc      Unusable   N/A       N/A         5
 Summon Cactus Giant      Summ           Unusable   N/A       N/A         6
 Monstrous Menagerie      Summ           Unusable   N/A       N/A         7
 Summon Hydra             Summ           Unusable   N/A       N/A         7

Dungeon Overview and Level Annotations

Branches:
Dungeon (15/15)            Temple (1/1) D:7            Lair (5/5) D:11
  Swamp (4/4) Lair:2       Spider (4/4) Lair:2        Slime (0/5) Lair:5
    Orc (2/2) D:11            Elf (0/3) Orc:2        Vaults (2/5) D:13
 Depths (0/4) D:15          Sewer (visited)           IceCv (visited)
  Crypt: Vaults:2-3

Altars:
Ashenzari
Cheibriados
Dithmenos
Elyvilon
Fedhas
Gozag
Hepliaklqana
Kikubaaqudgha
Makhleb
Nemelex Xobeh
Okawaru
Qazlal
Ru
Sif Muna
Trog
Uskayaw
Vehumet
Wu Jian
Xom
Yredelemnul
Zin
The Shining One
Jiyva

Shops:
Orc:2 (=[*:

Annotations:
D:5 2 runed translucent doors, Eolas's ghost, novice BaWr
D:11 2 transporters, PaiMei's ghost, journeyman DsNe
Swamp:1 2 transporters, 1 runed translucent door, exclusion: obsidian statue, NotreDorf's ghost, journeyman MfSh
Orc:2 3 runed translucent doors, Eolas's ghost, journeyman VSSh


Innate Abilities, Weirdness & Mutations

You have a pair of horns on your head.
You reflexively headbutt those who attack you in melee.
You are frail. (-10% HP)


Message History

You block the vault warden's attack.
You slice the death knight!!
You headbutt the death knight, but do no damage.
The death knight is almost dead.
You block the death knight's attack.
You barely miss the death knight. You headbutt the death knight!
The death knight is almost dead.
You block the vault warden's attack. You block the death knight's attack.
You chop the death knight into pieces!!!
You kill the death knight!
Okawaru accepts your kill.
The vault warden hits you but does no damage.
The yaktaur captain shoots a bolt.
The bolt hits you but does no damage. You block the vault warden's attack.
The yaktaur captain unwields a +0 arbalest.
The yaktaur captain barely misses you.
Items here: ))) [[[ †††.
You slice the yaktaur captain!!
The yaktaur captain is heavily wounded.
You block the vault warden's attack.
You hit the yaktaur captain.
You headbutt the yaktaur captain, but do no damage.
The yaktaur captain is severely wounded.
You block the yaktaur captain's attack. You block the vault warden's attack.
You slice the yaktaur captain!!
Lightning courses through the yaktaur captain!
You kill the yaktaur captain!
Okawaru accepts your kill.
You slash the vault warden! You headbutt the vault warden.
The vault warden is moderately wounded.
The vault warden hits you with a +1 halberd of protection!!
* * * LOW HITPOINT WARNING * * *
You closely miss the vault warden.
You headbutt the vault warden, but do no damage.
The vault warden is moderately wounded.
You block the vault warden's attack.
You closely miss the vault warden. Your headbutt misses the vault warden.
The vault warden is lightly wounded.
The vault warden hits you with a +1 halberd of protection!!!
You die...

##..## ##'##
#.##.# #.# ##+#
####+#### ###
#... #.##...#
#...##.##...#
#...........#
#.[.....###
###.......###
#........p@.#
###......)###
###.......###
#...........#
#..)##.##...#
...+...##.##...#
#.#.###+#########
.. ##


You could see a vault warden (strong).

Vanquished Creatures
  Boris (Vaults:1)
  Rupert (D:15)
  Asterion (Lair:2)
  Agnes (D:14)
  A thorn hunter (Swamp:4)
  2 azure jellies (IceCv)
  Roxanne (D:14)
  3 vault wardens
  An emperor scorpion (Spider:4)
  Louise (D:15)
  6 ghost moths
  An orc warlord (Orc:1)
  3 ironbound preservers (Vaults:1)
  3 broodmothers
  An ironbound thunderhulk (Vaults:1)
  Nessos (D:13)
  A quicksilver ooze (IceCv)
  A war gargoyle (Vaults:1)
  7 eleionomae
  A spark wasp (Spider:4)
  A dire elephant (Vaults:2)
  3 bunyips
  The ghost of Ruyzxoate the Black Sun, a journeyman DsNe of Kikubaaqudgha (Lair:2)
  A fire dragon (D:15)
  4 entropy weavers
  2 shambling mangroves
  6 yaktaur captains
  2 ice dragons
  An entropy weaver (shapeshifter) (D:13)
  3 vault guards
  2 great orbs of eyes (Vaults:1)
  20 hydras
  5 catoblepae
  A ghost crab (Swamp:1)
  An anaconda (Swamp:2)
  10 alligators
  8 centaur warriors
  5 radroaches (Spider:4)
  3 death knights
  7 boulder beetles
  A jorogumo (Spider:4)
  An ogre mage (D:15)
  A tengu warrior (D:14)
  7 two-headed ogres
  7 death yaks
  9 demonic crawlers
  3 orc high priests
  19 spriggans
  A skyshark (Lair:4)
  2 goliath frogs
  11 pharaoh ants
  A death drake (Lair:2)
  2 skeletal warriors
  7 deep trolls
  6 spriggan druids
  8 orb spiders
  4 sun moths
  8 swamp dragons (Swamp:4)
  Pikel (D:4)
  A lindwurm (Vaults:1)
  An arcanist (Vaults:2)
  6 steelbarb worms
  A phantasmal warrior (D:14)
  A bog body (Swamp:4)
  A harpy (shapeshifter) (D:14)
  4 ironbound convokers
  6 orc knights
  4 orc sorcerers
  26 wolf spiders
  2 oklob plants (Lair:5)
  5 manticores
  3 ugly things (D:15)
  3 will-o-the-wisps
  4 moths of wrath
  8 cyclopes
  A meliai (Spider:4)
  21 elephants
  2 kobold blastminers
  3 ice statues (IceCv)
  2 vault sentinels (Vaults:1)
  6 black mambas
  Joseph (D:7)
  4 torpor snails
  3 gargoyles
  9 cane toads
  Jeremiah (D:7)
  An unseen horror (D:11)
  12 yaktaurs (Vaults:1)
  11 rime drakes
  An efreet (D:15)
  6 komodo dragons
  2 freezing wraiths
  A tengu conjurer (D:15)
  5 trolls
  19 hornets
  3 polar bears
  21 tarantellas
  6 tyrant leeches
  A bloated husk (Swamp:3)
  Grinder (D:3)
  13 blink frogs
  12 dream sheep
  36 slime creatures
  24 culicivoras
  23 jumping spiders
  A culicivora (shapeshifter) (D:14)
  8 wyverns
  4 wraiths
  34 yaks
  A water elemental (D:15)
  Eustachio (D:6)
  2 fire elementals (Lair:1)
  4 wargs
  7 basilisks
  3 fire bats (Lair:1)
  15 humans (D:13)
  66 redbacks
  A steam dragon (D:7)
  4 vampire mosquitoes
  Menkaure (D:4)
  14 swamp worms
  A hell hound (Lair:1)
  Duvessa (D:7)
  25 water moccasins
  4 great orb of eyes simulacra (IceCv)
  31 orc warriors
  10 swamp drakes
  3 ice beasts
  A sky beast (D:7)
  2 black bears
  Pargi (Sewer)
  2 ogres (D:15)
  3 boggarts (Vaults:1)
  A tengu (shapeshifter) (D:13)
  12 wolves
  15 centaurs
  4 lemures (D:4)
  2 phantoms
  A kobold brigand (D:9)
  2 brain worms (Sewer)
  5 slime creature simulacra (IceCv)
  10 bullfrogs
  A glowing shapeshifter simulacrum (IceCv)
  7 scorpions
  Dowan (D:7)
  38 killer bees
  5 electric eels
  3 bombardier beetles
  2 howler monkeys
  A jelly (D:5)
  2 hounds (D:4)
  A gnoll bouda (D:7)
  25 orc priests
  8 hell rats (Lair:3)
  An iguana (D:7)
  A sleepcap (D:7)
  21 orc wizards
  3 shapeshifter simulacra (IceCv)
  13 gnolls
  8 adders
  14 white imps
  2 ufetubi (D:6)
  5 dart slugs
  4 ribbon worms
  97 orcs
  6 bats
  7 endoplasms
  6 giant cockroaches
  9 goblins
  9 hobgoblins
  7 jackals
  18 kobolds
  5 quokkas
  6 ball pythons
  4 frilled lizards
  6 rats
1198 creatures vanquished.

Vanquished Creatures (others)
  A death drake (Swamp:3)
  2 bloated husks
  A human (D:13)
  An electric eel (D:15)
  An orc priest (Orc:1)
  An orc (D:15)
  18 foxfires
25 creatures vanquished.

Grand Total: 1223 creatures vanquished

Notes
Turn   | Place    | Note
-------+----------+-------------------------------------------
     0 | D:1      | Econoterrorist the Minotaur Fighter began the quest for the
                  | Orb.
     0 | D:1      | Reached XP level 1. HP: 19/19 MP: 0/0
    81 | D:1      | Reached XP level 2. HP: 25/26 MP: 1/1
   127 | D:1      | Found a faded altar of an unknown god.
   418 | D:1      | Reached XP level 3. HP: 10/31 MP: 2/2
   927 | D:2      | Reached skill level 5 in Long Blades
  1172 | D:2      | Reached XP level 4. HP: 38/39 MP: 3/3
  1393 | D:3      | Found a glowing drain.
  1397 | Sewer    | Entered a sewer
  1402 | Sewer    | Reached XP level 5. HP: 46/46 MP: 4/4
  1424 | Sewer    | Noticed Pargi
  1432 | Sewer    | Killed Pargi
  1555 | Sewer    | Reached XP level 6. HP: 49/53 MP: 5/5
  1881 | D:3      | Found a glowing golden altar of the Shining One.
  1883 | D:3      | Noticed Grinder
  1888 | D:3      | Killed Grinder
  1889 | D:3      | Reached skill level 5 in Fighting
  1889 | D:3      | Reached skill level 5 in Armour
  1889 | D:3      | Reached skill level 5 in Shields
  1889 | D:3      | Reached XP level 7. HP: 37/61 MP: 6/6
  2693 | D:4      | Noticed Menkaure
  2710 | D:4      | Identified the +4 chain mail of Apruikoc {rCorr Int+4}
  2718 | D:4      | Killed Menkaure
  2771 | D:4      | Noticed Pikel
  2784 | D:4      | Killed Pikel
  2785 | D:4      | Reached XP level 8. HP: 67/71 MP: 7/7
  3243 | D:5      | Entered Level 5 of the Dungeon
  3310 | D:5      | Found a runed translucent door.
  3310 | D:5      | Noticed Eolas's ghost (novice BaWr)
  3392 | D:5      | Found a runed translucent door.
  3501 | D:5      | Reached XP level 9. HP: 79/79 MP: 8/8
  3908 | D:6      | You fall into a shaft and drop 3 floors!
  4086 | D:9      | Found an opulent altar of Gozag.
  4231 | D:7      | Noticed Dowan
  4233 | D:7      | Noticed Duvessa
  4279 | D:7      | Killed Dowan
  4287 | D:7      | Killed Duvessa
  4522 | D:6      | Found an ancient bone altar of Kikubaaqudgha.
  4538 | D:6      | Reached skill level 10 in Long Blades
  4603 | D:6      | Noticed Eustachio
  4616 | D:6      | Killed Eustachio
  4983 | D:7      | Noticed Jeremiah
  5075 | D:7      | Killed Jeremiah
  5076 | D:7      | Reached XP level 10. HP: 60/81 MP: 9/9
  5129 | D:7      | Noticed Joseph
  5145 | D:7      | Killed Joseph
  5184 | D:7      | Found a staircase to the Ecumenical Temple.
  5216 | Temple   | Entered the Ecumenical Temple
  5222 | Temple   | Became a worshipper of Warmaster Okawaru
  5284 | D:7      | Found a snail-covered altar of Cheibriados.
  5518 | D:7      | Identified the +0 helmet of Death Resistance {rN+++ Str-5
                  | Dex-5}
  6296 | D:9      | Noticed an ice dragon
  6327 | D:9      | Killed an ice dragon
  6365 | D:9      | Identified the +0 scale mail of Cuigh {rElec Str+3}
  6496 | D:9      | Reached * piety under Okawaru
  6733 | D:9      | Reached skill level 10 in Armour
  6741 | D:9      | Reached skill level 10 in Fighting
  6741 | D:9      | Reached skill level 10 in Shields
  7184 | D:9      | Reached skill level 1 in Invocations
  7293 | D:9      | Found a white marble altar of Elyvilon.
  7365 | D:10     | Entered Level 10 of the Dungeon
  7393 | D:10     | Found a basalt altar of Yredelemnul.
  7552 | D:10     | Found Zioviyho's General Store.
  7819 | D:10     | Noticed a two-headed ogre
  7829 | D:10     | Killed a two-headed ogre
  7829 | D:10     | Reached ** piety under Okawaru
  8053 | D:11     | Noticed a cyclops
  8076 | D:11     | Killed a cyclops
  8077 | D:11     | Reached skill level 5 in Invocations
  8077 | D:11     | Reached XP level 11. HP: 99/99 MP: 13/13
  8145 | D:11     | Found a staircase to the Orcish Mines.
  8295 | D:11     | Found a staircase to the Lair.
  8351 | D:11     | Found a transporter.
  8355 | D:11     | Noticed a centaur warrior
  8355 | D:11     | Noticed PaiMei's ghost (journeyman DsNe)
  8356 | D:11     | Noticed a two-headed ogre
  8356 | D:11     | Noticed a boulder beetle
  8371 | D:11     | Found a transporter.
  8554 | D:11     | Reached *** piety under Okawaru
  8728 | Lair:1   | Entered Level 1 of the Lair of Beasts
  8871 | Lair:1   | Found a transporter.
  8903 | Lair:1   | Found a transporter.
  9107 | Lair:1   | Reached **** piety under Okawaru
  9315 | Lair:1   | Reached ***** piety under Okawaru
  9362 | Lair:1   | Identified the +4 arbalest "Obuzxun" {penet, Will+}
  9873 | Lair:2   | Reached XP level 12. HP: 87/110 MP: 15/15
 10101 | Lair:2   | Reached XP level 13. HP: 117/117 MP: 16/16
 10102 | Lair:2   | Reached XP level 14. HP: 125/125 MP: 16/20
 10243 | Lair:2   | Found a hole to the Spider Nest.
 10550 | Lair:2   | Found a staircase to the Swamp.
 10587 | Lair:2   | Found a transporter.
 10594 | Lair:2   | Noticed Ruyzxoate's ghost (journeyman DsNe)
 10621 | Lair:2   | Found a transporter.
 10841 | Lair:2   | Killed Ruyzxoate's ghost
 10862 | Lair:2   | Identified the ring of Cadwejoh {Ice ^Drain rN+++ Will+
                  | SInv}
 11096 | Lair:3   | Identified the +1 chain mail of Duilyxug {rElec}
 12053 | Lair:4   | Reached ****** piety under Okawaru
 12076 | Lair:4   | Received a gift from Okawaru
 12261 | Lair:4   | Acquired the +8 plate armour of Recklessness {rC+ rN++}
 12261 | Lair:4   | Received a gift from Okawaru
 12895 | Lair:4   | Reached skill level 1 in Dodging
 13220 | Lair:4   | Received a gift from Okawaru
 13613 | Lair:5   | Entered Level 5 of the Lair of Beasts
 13670 | Lair:5   | Reached XP level 15. HP: 133/137 MP: 21/21
 13699 | Lair:5   | Identified the ring of Ihuugele {Fire rElec Will+}
 13808 | Lair:5   | Acquired a +2 double sword of electrocution
 13808 | Lair:5   | Received a gift from Okawaru
 13878 | Lair:5   | Found the +7 Spriggan's Knife {stab, EV+4 Stlth+}
 14144 | Lair:5   | Found a staircase to the Slime Pits.
 14146 | Lair:5   | Found a viscous altar of Jiyva.
 14366 | Lair:5   | Received a gift from Okawaru
 14506 | Lair:5   | Reached skill level 5 in Dodging
 15975 | D:13     | Reached skill level 15 in Long Blades
 16140 | D:13     | Received a gift from Okawaru
 16155 | D:13     | Noticed Nessos
 16213 | D:13     | Found a gate to the Vaults.
 16224 | D:13     | Killed Nessos
 16847 | D:14     | Noticed Roxanne
 17057 | D:14     | Killed Roxanne
 17057 | D:14     | Received a gift from Okawaru
 17170 | D:14     | Noticed Rupert
 17402 | D:14     | Noticed Agnes
 17413 | D:14     | Killed Agnes
 17663 | D:14     | Reached XP level 16. HP: 131/147 MP: 22/22
 17732 | D:15     | Entered Level 15 of the Dungeon
 17732 | D:15     | Found a stormy altar of Qazlal.
 17791 | D:15     | Killed Rupert
 18089 | D:15     | Received a gift from Okawaru
 18291 | D:15     | Found a staircase to the Depths.
 18364 | D:15     | Noticed Louise
 18376 | D:15     | Killed Louise
 19092 | Spider:1 | Entered Level 1 of the Spider Nest
 19283 | Spider:1 | Received a gift from Okawaru
 19293 | Spider:1 | Reached skill level 15 in Fighting
 19451 | Lair:2   | Reached skill level 15 in Armour
 19607 | Spider:1 | Noticed Asterion
 19717 | Lair:2   | Killed Asterion
 20303 | Spider:1 | Received a gift from Okawaru
 21251 | Spider:2 | Reached XP level 17. HP: 158/158 MP: 23/23
 21301 | Spider:2 | Received a gift from Okawaru
 22604 | Spider:4 | Entered Level 4 of the Spider Nest
 22778 | Spider:4 | Reached skill level 15 in Shields
 22951 | Spider:4 | Received a gift from Okawaru
 23992 | Spider:4 | Received a gift from Okawaru
 24327 | Spider:4 | Gained mutation: You are frail. (-10% HP) [mutagenic glow]
 24366 | Spider:4 | Reached skill level 10 in Dodging
 24897 | Spider:4 | Got a gossamer rune of Zot
 25226 | Spider:4 | Received a gift from Okawaru
 25340 | Swamp:1  | Entered Level 1 of the Swamp
 25493 | Swamp:1  | Noticed a tentacled monstrosity
 25494 | Swamp:1  | Found a transporter.
 26105 | Swamp:1  | Identified the +1 pair of boots of Prudence {rElec Int+3
                  | Dex+6}
 26158 | Swamp:1  | Found a transporter.
 26233 | Swamp:1  | Noticed NotreDorf's ghost (journeyman MfSh)
 26234 | Swamp:1  | Found a runed translucent door.
 26236 | Swamp:1  | Identified the +3 spear "Minotaur's Peril" {flame, rElec
                  | rF+ Int+2 Dex-2}
 26355 | Swamp:2  | Received a gift from Okawaru
 26537 | Swamp:2  | Reached XP level 18. HP: 115/153 MP: 24/24
 27308 | Swamp:3  | Received a gift from Okawaru
 27661 | Swamp:4  | Entered Level 4 of the Swamp
 27983 | Swamp:4  | Received a gift from Okawaru
 28154 | Swamp:4  | Got a decaying rune of Zot
 28772 | Orc:1    | Entered Level 1 of the Orcish Mines
 28862 | Orc:2    | Entered Level 2 of the Orcish Mines
 28862 | Orc:2    | Found a staircase to the Elven Halls.
 29012 | Orc:2    | Paralysed by an orc sorcerer for 3 turns
 29019 | Orc:2    | Found Motryghuu's Book Boutique.
 29027 | Orc:1    | Found a frozen archway.
 29077 | IceCv    | Entered an ice cave
 29151 | IceCv    | Received a gift from Okawaru
 29471 | IceCv    | Found a viscous altar of Jiyva.
 29503 | IceCv    | Identified the amulet "Dyoca" {RegenMP Rampage Int+2 Dex+3}
 29508 | IceCv    | Identified the ring of Kindness {Fire Dex+2 Slay+3 Stlth+}
 29879 | Orc:1    | Paralysed by an orc sorcerer for 2 turns
 30261 | Orc:2    | Received a gift from Okawaru
 30304 | Orc:2    | Found Kenoly's Antique Armour Emporium.
 30305 | Orc:2    | Found Plog's Antique Weapon Shoppe.
 30306 | Orc:2    | Found Diothrawi's General Store.
 30306 | Orc:2    | Found Casaev's Jewellery Emporium.
 30310 | Orc:2    | Bought a scroll of enchant armour for 112 gold pieces
 30310 | Orc:2    | Bought a scroll of identify for 30 gold pieces
 30311 | Orc:2    | Bought the amulet of Past Mistakes {Reflect rElec rN++
                  | SH+5} for 708 gold pieces
 30508 | Orc:2    | Found a runed translucent gate.
 30508 | Orc:2    | Noticed Eolas's ghost (journeyman VSSh)
 30509 | Orc:2    | Identified the +0 plate armour "Nusir" {rF+++ rC- Will+
                  | Str-4}
 30549 | Orc:2    | Found a runed translucent gate.
 30549 | Orc:2    | Found a runed translucent gate.
 30553 | Orc:2    | Identified the orb of Sif Muna's Castigation {guile,
                  | ^Contam Int+4 Necro Ice}
 30698 | Vaults:1 | Entered Level 1 of the Vaults
 30738 | Vaults:1 | Got the Treatise on the Entourage
 30751 | Vaults:1 | Noticed Boris
 30770 | Vaults:1 | Killed Boris
 30774 | Vaults:1 | Reached XP level 19. HP: 97/162 MP: 25/25
 31234 | Vaults:1 | Received a gift from Okawaru
 32197 | Vaults:2 | Mangled by a vault warden

Illustrated notes

Levels and vault maps discovered:
D:1:      psy_arrival_spokes, layout_basic,
          hellmonk_ecumenical_altar_pennies_from_heaven, moated_statue
D:2:      layout_basic, minmay_misc_feat_iff
D:3:      layout_loops_corners, amcnicky_altar_gilded, gup_sewer_entry_bowl,
          uniq_grinder
D:4:      layout_cave_pools, uniq_menkaure, uniq_pikel
D:5:      layout_cave_pools, ebering_ghost_sewer_f, lemuel_flame_loot_1
D:6:      layout_loops_ring, mainiacjoe_overflow_tiny_flanked, st_stairs_13,
          minivault_4, uniq_eustachio
D:7:      layout_cave_pools, cheibrodos_worm_habitat, temple_fountains,
          uniq_jeremiah, uniq_joseph, uniq_duvessa
D:8:      layout_rooms
D:9:      dragon1_lemuel, layout_basic, nicolae_gozag_seed_capital,
          nicolae_elyvilon_temple_path, special_room [special_room_orc],
          dk_rats_in_the_wall
D:10:     layout_irregular_city, yredelemnul_altar_generic, serial_shops, shop
D:11:     layout_loops_ring, lair_entry_dummy, minmay_orc_entry_temple_small,
          gammafunk_ghost_arena
D:12:     layout_basic
D:13:     minmay_razor_zed, layout_basic, david_vaults_3,
          lightli_fourway_metalbox
D:14:     layout_cave_pools, serial_park_tiny_1, uniq_roxanne, uniq_rupert,
          uniq_agnes
D:15:     grunt_enter_depths_hoard, layout_basic, grunt_qazlal_clouds,
          grunt_ministairs_2, uniq_louise
Temple:   eino_temple_rhombus
Lair:1:   gammafunk_cloud_chamber, layout_hall_layers, worms_lemuel,
          grunt_megastairs_1, infiniplex_staircase_pool_2
Lair:2:   wad_woods_minihive, layout_gridlike, swamp_mist, dummy_spider_entry,
          gammafunk_ghost_berserking_beasts, infiniplex_staircase_pool
Lair:3:   layout_gridlike, special_room [special_room_mythical_zoo],
          lemuel_fruit_fields
Lair:4:   beast_lair_carwin_large_3, layout_layer_cave
Lair:5:   evilmike_catoblepas_cave, layout_cellular_growth,
          minmay_slime_entry_oklob_open, grunt_megastairs_2
Swamp:1:  gammafunk_sealed_arena, layout_basic_swamp,
          ebering_ghost_funeral_grove, nicolae_swamp_stuck_in_the_mud
Swamp:2:  nicolae_swamp_wrong_neighborhood, layout_basic_swamp,
          evilmike_swamp_ruin_house_4, nicolae_swamp_snake_nest
Swamp:3:  layout_basic_swamp, nicolae_swamp_dense_foliage
Swamp:4:  swamp, layout_basic_swamp, nicolae_swamp_tree_isthmus
Spider:1: layout_spider_delve, nicolae_spider_webbed_stairs, uniq_asterion
Spider:2: layout_cave_pods, nicolae_spider_some_kinda_spiderbox
Spider:3: layout_chambers
Spider:4: grunt_spider_rune_parallel
Orc:1:    nicolae_orc_accident_1, layout_diamond_mine,
          portal_ice_cave_entry_imps
Orc:2:    st_orc_congregation, layout_caves, serial_shops, shop,
          biasface_ghost_orc_armoury
Vaults:1: nicolae_vaults_ring_of_whatevers, vaults_mumra_lcd,
          ontoclasm_vaults_shuriken, v_misc_33, nicolae_vaults_alarming,
          serial_library_hellmonk_semicircle, nicolae_vaults_six-pack,
          vaults_room_ringed_pool, st_cross, nicolae_vaults_little_ls,
          layout_vaults_ring, uniq_boris
Vaults:2: v_alt_pattern_6, v_misc_19, nicolae_vaults_network_s,
          vaults_room_door_hall, grunt_vaults_swirl,
          nicolae_vaults_little_squares_3, vaults_dpeg_ring,
          blue_anna_dwarven_crypt, nicolae_vaults_shrinking_rooms_1,
          hangedman_vaults_impose, v_misc_27, nicolae_vaults_double_plus_2,
          nicolae_vaults_diamond_2, layout_vaults_maze_snakey

Skill      XL: |  1  2  3  4  5  6  7  8  9 10 11 12 13 14 15 16 17 18 19 |
---------------+----------------------------------------------------------+-----
Long Blades    | 3 4 5 6 7 8 9 10 11 12 14 17 18 | 18.9
Fighting       | 4 5 6 7 9 10 11 13 14 15 17 18 19 | 19.2
Armour         | 4 5 6 7 9 10 11 13 14 15 17 18 19 | 19.1
Shields        | 4 5 6 7 9 10 11 13 14 16 17 18 | 18.2
Invocations    | 5 6 9 |  9.5
Evocations     | 7 |  7.4
Dodging        | 3 5 8 11 12 13 | 13.5

Action                     |  1- 3 |  4- 6 |  7- 9 | 10-12 | 13-15 | 16-18 | 19-21 || total
---------------------------+-------+-------+-------+-------+-------+-------+-------++-------
  Melee: Long sword        |   116 |    75 |   437 |   245 |   586 |       |       ||  1459
         Headbutt          |    18 |    14 |    87 |   128 |   362 |   550 |    84 ||  1243
         Scimitar          |       |       |       |   357 |    15 |    75 |       ||   447
         Double sword      |       |       |       |       |   466 |  1921 |   217 ||  2604
 Invoke: Heroism           |       |       |       |     1 |     2 |     1 |       ||     4
         Finesse           |       |       |       |       |     3 |     1 |       ||     4
         Receive Armour    |       |       |       |       |     1 |       |       ||     1
         Receive Weapon    |       |       |       |       |     1 |       |       ||     1
  Evoke: Wand              |       |       |       |       |    19 |       |       ||    19
    Use: Potion            |       |     1 |     3 |     4 |     1 |     7 |     1 ||    17
         Scroll            |       |       |     1 |     5 |    17 |    18 |     1 ||    42
 Armour: Scale mail        |    86 |    48 |   100 |       |       |       |       ||   234
         Chain mail        |       |       |   297 |   667 |   422 |       |       ||  1386
         Plate armour      |       |       |       |       |   870 |  1834 |    88 ||  2792
  Dodge: Dodged            |    51 |    25 |   180 |   251 |   411 |   622 |    37 ||  1577
         Repelled          |       |       |       |     1 |    19 |    15 |       ||    35
  Block: Buckler           |    27 |    14 |   121 |   224 |   390 |    26 |       ||   802
         Tower shield      |       |       |       |       |       |  2681 |   302 ||  2983
         Reflection        |       |       |       |       |       |     2 |    30 ||    32
